AoeStats
← NuMa | Gacha

Arabia

510332346Analyzed
2v2 RM · 3d ago on Sep 30, 2026· 40m 5s· 4 players
Game mode
Random Map
Map size
Medium (4 player)
Population
200
Speed
Normal
Resources
Standard
Victory
Conquest
Starting age
Dark Age
Ending age
Imperial Age
RankedLock teamsTeams togetherTeam positionsShared explorationLock speedFull tech treeHidden civsTurbo modeCheats
Victory
Defeat
🇫🇷 Khmer · France
1171
+12
🇫🇷 Byzantines · France
1149
+13
🇨🇴 Britons · Colombia
1117
-14
🇻🇳 Italians · Vietnam
1045
-11
NuMa | Gacha
6:44 Loom
9:59 Feudal Age
10:34 Double-Bit Axe
13:07 Gold Mining
14:23 Wheelbarrow
15:26 Fletching
19:27 Padded Archer Armor
23:32 Castle Age
23:40 Crossbowman
24:25 Bodkin Arrow
24:47 Leather Archer Armor
25:31 Gold Shaft Mining
28:02 Bow Saw
33:47 Pikeman
39:29 Imperial Age
37:16 Hand Cart
38:04 Stone Mining
39:00 Ballistics
nguyen.tranchk32.dlu
1:33 Loom
11:28 Feudal Age
16:58 Castle Age
15:40 Double-Bit Axe
15:36 Horse Collar
17:53 Fletching
18:26 Bow Saw
25:55 Ballistics
28:33 Bloodlines
28:57 Pikeman
29:48 Forging
30:02 Squires
31:11 Scale Mail Armor
31:17 Arson
33:47 Man-at-Arms
34:51 Long Swordsman
Tanguy la fouine
7:29 Loom
9:43 Feudal Age
13:48 Horse Collar
13:54 Double-Bit Axe
22:08 Castle Age
21:09 Padded Archer Armor
21:00 Fletching
22:12 Elite Skirmisher
22:18 Crossbowman
24:47 Bow Saw
24:33 Gold Mining
24:16 Crossbowman
25:32 Scale Barding Armor
28:42 Leather Archer Armor
32:36 Bodkin Arrow
34:33 Ballistics
38:40 Imperial Age
36:20 Husbandry
39:59 Ring Archer Armor
PassezMoiLShaker
8:28 Loom
11:25 Feudal Age
12:03 Double-Bit Axe
11:59 Horse Collar
19:52 Castle Age
21:46 Scale Barding Armor
22:14 Husbandry
23:41 Bloodlines
23:53 Bow Saw
23:46 Heavy Plow
23:48 Fletching
24:21 Chain Barding Armor
28:49 Wheelbarrow
31:58 Forging
35:14 Town Watch
40:28 Imperial Age
39:51 Wheelbarrow
39:16 Town Patrol
Connection lost

Rejoining the realm…

Still unreachable

The connection could not be restored.

Session expired

The server has moved on; the page needs a fresh start.